 Dungeon Crawl Stone Soup version 0.29.0-11-gd7f09526c8 (webtiles) character file.

Game seed: 3044797444275750822

69 Gigo the Trooper (level 4, 26/28 HPs)
             Began as a Gargoyle Berserker on Sept 6, 2022.
             Was a Believer of Trog.
             Quit the game on level 2 of the Dungeon.
             The game lasted 00:05:19 (2364 turns).

Gigo the Trooper (Gargoyle Berserker)               Turns: 2364, Time: 00:05:19

Health: 26/28      AC:  5    Str: 20    XL:     4   Next: 20%
Magic:  4/4        EV: 10    Int:  8    God:    Trog [**....]
Gold:   97         SH:  7    Dex: 11    Spells: 3/3 levels left

rFire   + . .      SeeInvis .   a - +0 falchion
rCold   . . .      Faith    .   g - +0 kite shield
rNeg    + . .      Spirit   .   b - +0 animal skin
rPois   ∞          Reflect  .   (no helmet)
rElec   +          Harm     .   (no cloak)
rCorr   .          Rampage  .   (no gloves)
Will    .....                   (no boots)
Stlth   ++........              (no amulet)
HPRegen 0.09/turn               p - ring of protection from fire
MPRegen 0.09/turn               (no ring)

@: no status effects
A: sickness immunity, AC +3, negative energy resistance 1, electricity
resistance, torment resistance 1, petrification resistance
a: Renounce Religion, Berserk, Trog's Hand


You were on level 2 of the Dungeon.
You worshipped Trog.
Trog was pleased with you.
You visited 1 branch of the dungeon, and saw 2 of its levels.

You collected 97 gold pieces.

Inventory:

Hand Weapons
 a - a +0 falchion (weapon)
Armour
 b - a +0 animal skin (worn)
 g - a +0 kite shield (worn)
Jewellery
 p - a ring of protection from fire (left hand)
Scrolls
 d - a scroll of identify {unknown}
 f - a scroll of butterflies {unknown}
 i - 3 scrolls of poison {unknown}
 l - 2 scrolls of teleportation {unknown}
 m - a scroll of enchant weapon {unknown}
 o - a scroll of noise {unknown}
Potions
 c - 2 potions of brilliance {unknown}
 e - 3 potions of ambrosia {unknown}
 h - a potion of flight {unknown}
 j - 2 potions of magic {unknown}
 k - 2 potions of cancellation {unknown}
 n - a potion of curing {unknown}


   Skills:
 + Level 3.6 Fighting
 + Level 3.0 Long Blades
 + Level 2.7 Armour
 + Level 2.1 Dodging
 + Level 1.7 Stealth
 + Level 1.3 Shields


You had 3 spell levels left.
You didn't know any spells.
Your spell library was empty.

Dungeon Overview and Level Annotations

Branches:
Dungeon (2/15)

Altars:
Hepliaklqana

Shops:
D:1 *


Innate Abilities, Weirdness & Mutations

You are immune to sickness and miasma.
Your stone body is resilient. (AC +3)
You are immune to poison.
You resist negative energy. (rN+)
You are resistant to electric shocks. (rElec)
You are resistant to unholy torment.
You are immune to petrification.


Message History

The quokka is heavily wounded.
The quokka barely misses you.
You hit the quokka.
You kill the quokka!
Trog accepts your kill.
p - a ring of protection from fire You now have 93 gold pieces (gained 12).
p - a ring of protection from fire (left hand)
An adder comes into view.
An adder is nearby!
You see here 4 gold pieces.
The adder hisses angrily.
The adder bites you but does no damage.
You hit the adder but do no damage. The adder closely misses you.
The adder bites you.
You hit the adder.
The adder is heavily wounded.
You block the adder's attack.
You hit the adder.
You kill the adder!
Trog accepts your kill.
You now have 97 gold pieces (gained 4).
You open the door.
There is an open door here.
l - 2 scrolls labelled CINTULIZEW (gained 1)
You open the door.
There is an open door here.
Found a leather armour.
A goblin comes into view. It is wielding a +0 dagger.
The goblin closely misses you.
You barely miss the goblin. The goblin hits you with a +0 dagger.
You closely miss the goblin. The goblin hits you but does no damage.
You hit the goblin.
The goblin is severely wounded.
The goblin closely misses you.
You slash the goblin!
You kill the goblin!
Trog accepts your kill.
You see here a +0 dagger.
Are you sure you want to abandon this character and quit the game? (Confirm with "yes".)

.....##.....#.......♣♣♣♣P♣♣♣♣♣♣..
.....# .....+.....#.P.♣♣♣♣...P.P♣
.....# ....#.....#.♣♣♣ ♣♣P♣.♣♣♣
.)...+ ....#.....##♣ ♣.♣...♣♣
.....# ...#.....# ♣♣.P♣♣♣♣ .....#
. #.....####♣♣♣♣.♣♣.♣§§ .....#
...#...........♣.♣..♣§~♣ .....#
..........#....#.♣..P♣§# .....#
...#...@..#....#.†♣P.#.§ .....#
######.#......♣.♣.... ##+###
#.#.<#.#.#.#.#.#
#######.#........#.#.#
......................
#########.##..........
#.##..........
#######.##.......###
#.............#.....


There were no monsters in sight!

Vanquished Creatures
  An adder (D:2)
  A worm (D:2)
  A dart slug (D:2)
  7 bats
  2 endoplasms (D:1)
  A giant cockroach (D:2)
  6 goblins
  3 hobgoblins
  4 jackals (D:1)
  6 quokkas
  7 ball pythons
  4 frilled lizards
  6 kobolds
  2 rats (D:1)
51 creatures vanquished.

Vanquished Creatures (others)
  60 plants (D:2)
60 creatures vanquished.

Grand Total: 111 creatures vanquished

Notes
Turn   | Place    | Note
-------+----------+-------------------------------------------
     0 | D:1      | Gigo the Gargoyle Berserker began the quest for the Orb.
     0 | D:1      | Reached XP level 1. HP: 14/14 MP: 1/1
   141 | D:1      | Reached XP level 2. HP: 17/19 MP: 2/2
   371 | D:1      | Reached skill level 1 in Stealth
   696 | D:1      | Found a faded altar of an unknown god.
   856 | D:1      | Found Uxtoveokk's Assorted Antiques.
  1008 | D:1      | Reached XP level 3. HP: 23/23 MP: 3/3
  1089 | D:1      | Reached ** piety under Trog
  1436 | D:2      | Reached skill level 1 in Shields
  1809 | D:2      | Found a hazy altar of Hepliaklqana.
  2224 | D:2      | Reached XP level 4. HP: 28/28 MP: 4/4
  2364 | D:2      | Quit the game

Illustrated notes

Levels and vault maps discovered:
D:1:      amcnicky_arrival_double_pillar, layout_basic, serial_shops,
          nicolae_shop_hallway_stairs, serial_glass, glass_columns_b,
          glass_columns_b, minmay_strange_pillars, due_unseen_surprise,
          hellmonk_ecumenical_altar_arch_garden
D:2:      wad_woods_stonehenge, layout_basic, minmay_misc_feat_room, minmay_puff

Skill      XL: |  1  2  3 |
---------------+----------+-----
Stealth        | 1 |  1.7
Dodging        | 2 |  2.1
Shields        | 1 |  1.3
Long Blades    | 3 |  3.0
Fighting       | |  3.6
Armour         | |  2.7

Action                   |  1- 3 |  4- 6 || total
-------------------------+-------+-------++-------
Melee: Falchion          |   136 |    13 ||   149
 Stab: Sleeping          |     4 |       ||     4
Armor: Animal skin       |    67 |     5 ||    72
Dodge: Dodged            |    79 |     6 ||    85
Block: Kite shield       |    34 |     3 ||    37
